 Dungeon Crawl Stone Soup version 0.30-a0-222-ge547ba4400 (webtiles) character file.

Game seed: 3645707642593630691

3168 qw the Cleaver (level 9, -6/57 HPs)
             Began as a Gargoyle Fighter on Oct 8, 2022.
             Was a Follower of Okawaru.
             Engulfed by an ice statue's freezing vapour (10 damage)
             ... on level 7 of the Dungeon.
             The game lasted 00:02:57 (5908 turns).

qw the Cleaver (Gargoyle Fighter)                   Turns: 5908, Time: 00:02:57

Health: -6/57      AC: 24    Str: 23    XL:     9   Next: 94%
Magic:  11/12      EV:  8    Int: 10    God:    Okawaru [*.....]
Gold:   349        SH:  6    Dex:  9    Spells: 8/8 levels left

rFire   + . .      SeeInvis .    Y - +0 war axe
rCold   . . .      Faith    .    c - +0 buckler
rNeg    + . .      Spirit   .    p - +0 plate armour
rPois   inf        Reflect  .    (no helmet)
rElec   +          Harm     .    l - +0 cloak
rCorr   .          Rampage  .    (no gloves)
Will    .....                    b - +0 pair of boots
Stlth   ..........               i - amulet of regeneration
HPRegen 1.09/turn                k - ring of protection from fire
MPRegen 0.13/turn                (no ring)

@: about to teleport, heroic
A: sickness immunity, AC +6, negative energy resistance 1, electricity
resistance, torment resistance 1, petrification resistance
a: Renounce Religion, Heroism


You were on level 7 of the Dungeon.
You worshipped Okawaru.
Okawaru was aware of your devotion.
You visited 2 branches of the dungeon, and saw 8 of its levels.

You collected 399 gold pieces.
You spent 50 gold pieces at shops.


Innate Abilities, Weirdness & Mutations

You are immune to sickness and miasma.
Your stone body is resilient. (AC +6)
You are immune to poison.
You resist negative energy. (rN+)
You are resistant to electric shocks. (rElec)
You are resistant to unholy torment.
You are immune to petrification.


   Skills:
 - Level 7.1(12.1) Fighting
 + Level 9.5(14.5) Axes
 - Level 6.1(11.1) Armour
 - Level 1.2(6.2) Dodging
 - Level 4.4(9.4) Shields
 - Level 4.0 Invocations


You had 8 spell levels left.
You didn't know any spells.
Your spell library was empty.

Inventory:

Hand Weapons
 q - a +4 morningstar
 Y - a +0 war axe (weapon)
Armour
 b - a +0 pair of boots (worn)
 c - a +0 buckler (worn)
 l - a +0 cloak (worn)
 p - a +0 plate armour (worn)
Jewellery
 i - an amulet of regeneration (around neck)
 k - a ring of protection from fire (left hand)
Scrolls
 a - 4 scrolls of teleportation
 f - a scroll of identify
 m - a scroll of poison {unknown}
Potions
 d - 2 potions of might
 e - a potion of magic
 g - 4 potions of curing
 h - a potion of attraction
 j - 3 potions of haste
 n - a potion of lignification
 o - a potion of mutation

Dungeon Overview and Level Annotations

Branches:
Dungeon (7/15)             Temple (1/1) D:6

Altars:
Ashenzari
Cheibriados
Dithmenos
Elyvilon
Fedhas
Gozag
Hepliaklqana
Kikubaaqudgha
Makhleb
Nemelex Xobeh
Okawaru
Qazlal
Ru
Sif Muna
Trog
Uskayaw
Vehumet
Wu Jian
Xom
Yredelemnul
Zin
The Shining One

Shops:
D:3 *   D:7 :


Message History

You hit the ice beast but do no damage.
The ice beast hits you but does no damage.
You hit the ice beast.
The ice beast is moderately wounded.
You closely miss the ice beast.
The ice beast is moderately wounded.
You slash the ice beast!
The ice beast hits you but does no damage. x2
You closely miss the ice beast.
The ice beast is heavily wounded.
You closely miss the ice beast.
The ice beast hits you but does no damage.
The ice beast hits you. The ice beast freezes you!
You slash the ice beast!
You kill the ice beast!
The ice beast disappears in a puff of smoke!
You barely miss the ice beast.
The ice beast hits you but does no damage.
You slash the ice beast!
The ice beast is severely wounded.
The ice beast hits you but does no damage.
You slash the ice beast!
The ice beast is almost dead.
The ice statue gestures at you.
The freezing blast engulfs you but does no damage.
You closely miss the ice beast.
The ice beast is almost dead.
You are engulfed in freezing vapours.
The ice beast hits you. The ice beast freezes you!
The ice statue gestures at you. The bolt of cold misses you.
You closely miss the ice beast.
The ice beast is almost dead.
You are engulfed in freezing vapours.
The ice beast hits you. The ice beast freezes you!
5908 ||| READING 5 scrolls of teleportation.
As you read the scroll of teleportation, it crumbles to dust.
You feel strangely unstable.
You are engulfed in freezing vapours.
You die...

#.....### #.##
#...... #######
#..# #......
##.# #......
#############%#
#####.#
..¤.~~~.....}.#
#..
...¤~~~.......#
###
.¤..~8~.0.....#
....~~0000....#
....~0Y@00..}.#
##
#############.#
######.
############
###.# #......
#..........#
#...## #.####.
#.########.#
#.#..# #%# #.
#.# #.# #.#..#
#.# #. #.# #.#
#.#..###.# #.
#.# #.#
#.#......# #.
#.# #.#
#.#......# ##


You could see an ice statue and an ice beast (summoned).

Vanquished Creatures
  Sigmund (D:6)
  2 wyverns (D:7)
  Menkaure (D:7)
  A steam dragon (D:7)
  2 ice beasts (D:5)
  3 black bears
  3 ogres
  A centaur (D:7)
  2 phantoms (D:6)
  2 scorpions
  2 bullfrogs (D:7)
  A gnoll sergeant (D:7)
  6 wights
  3 killer bees
  A howler monkey (D:7)
  3 hounds
  2 jellies
  An orc priest (D:4)
  Jessica (D:2)
  7 iguanas
  3 orc wizards
  A statue (D:4)
  10 adders
  4 gnolls (D:7)
  A shadow imp (D:7)
  4 white imps
  An ufetubus (D:6)
  A worm (D:5)
  2 dart slugs
  18 orcs
  8 endoplasms
  2 giant cockroaches
  5 hobgoblins
  4 quokkas
  5 ball pythons
  6 bats
  2 frilled lizards (D:2)
  10 goblins
  4 kobolds
  6 rats
142 creatures vanquished.

Vanquished Creatures (others)
  A human (D:6)
1 creature vanquished.

Grand Total: 143 creatures vanquished

Notes
Turn   | Place    | Note
-------+----------+-------------------------------------------
     0 | D:1      | qw the Gargoyle Fighter began the quest for the Orb.
     0 | D:1      | Reached XP level 1. HP: 14/14 MP: 1/1
     0 | D:1      | 0 ||| qw: Version: 0.2-a-17-g79969f3
     0 | D:1      | 0 ||| qw: Game counter: 1984
     0 | D:1      | 0 ||| qw: Always use a shield: true
     0 | D:1      | 0 ||| qw: God list: Okawaru
     0 | D:1      | 0 ||| qw: Allow faded altars: false
     0 | D:1      | 0 ||| qw: Do Orc after D:15 true
     0 | D:1      | 0 ||| qw: Do second Lair branch before Depths: true
     0 | D:1      | 0 ||| qw: Lair rune preference: random
     0 | D:1      | 0 ||| qw: Plans: Normal, Zot:1-4, God:TSO, Crypt, Tomb,
                  | Pan, Slime:5, Hells, Abyss, Orb
     0 | D:1      | 0 ||| PLANNING D:1-11
    78 | D:1      | Reached skill level 2 in Axes
   156 | D:1      | 156 ||| DROPPING +0 club.
   206 | D:1      | Reached XP level 2. HP: 7/19 MP: 2/2
   488 | D:1      | 488 ||| UPGRADING to +0 chain mail.
   498 | D:1      | 498 ||| DROPPING +0 scale mail.
   499 | D:1      | 499 ||| DROPPING amulet of faith.
   500 | D:1      | 500 ||| READING 3 scrolls labelled ATUNOE CYOZ.
   504 | D:1      | 504 ||| READING 3 scrolls labelled FISADW GEMOM.
   505 | D:1      | 505 ||| READING 2 scrolls labelled WUITOU ZOSKING.
   506 | D:1      | 506 ||| DRINKING 3 murky coppery potions.
   507 | D:1      | 507 ||| READING 2 scrolls of identify.
   507 | D:1      | 507 ||| IDENTIFYING sedimented green potion
   508 | D:1      | 508 ||| DROPPING scroll of noise.
   659 | D:2      | 659 ||| Stepping ~*~*~tactically~*~*~ (hiding).
   837 | D:2      | Reached skill level 3 in Axes
   837 | D:2      | Reached XP level 3. HP: 20/23 MP: 3/3
   861 | D:2      | Noticed Jessica
   862 | D:2      | 862 ||| Stepping ~*~*~tactically~*~*~ (stealth).
   876 | D:2      | Killed Jessica
   877 | D:2      | Reached XP level 4. HP: 14/28 MP: 4/4
  1236 | D:2      | 1236 ||| Stepping ~*~*~tactically~*~*~ (stealth).
  1287 | D:2      | Reached skill level 4 in Axes
  1300 | D:2      | 1300 ||| Stepping ~*~*~tactically~*~*~ (stealth).
  1443 | D:2      | 1443 ||| Stepping ~*~*~tactically~*~*~ (stealth).
  1453 | D:2      | Found an opulent altar of Gozag.
  1551 | D:2      | 1551 ||| UPGRADING to +0 pair of boots.
  1556 | D:2      | 1556 ||| UPGRADING to amulet of regeneration.
  1561 | D:2      | 1561 ||| READING 2 scrolls labelled SUKIPL QIXZA.
  1562 | D:2      | 1562 ||| READING scroll labelled AKOIKALITOP.
  1563 | D:2      | 1563 ||| READING 3 scrolls of identify.
  1563 | D:2      | 1563 ||| IDENTIFYING viscous inky potion
  1564 | D:2      | 1564 ||| READING 2 scrolls of identify.
  1564 | D:2      | 1564 ||| IDENTIFYING fizzy green potion
  1565 | D:2      | 1565 ||| DROPPING scroll of magic mapping.
  1566 | D:2      | 1566 ||| DROPPING potion of berserk rage.
  1567 | D:2      | 1567 ||| DROPPING potion of brilliance.
  1683 | D:3      | Reached XP level 5. HP: 32/32 MP: 5/5
  1706 | D:3      | 1706 ||| Stepping ~*~*~tactically~*~*~ (stealth).
  1797 | D:3      | Found Ceti's General Store.
  1838 | D:3      | 1838 ||| BUYING potion of curing (30 gold).
  1838 | D:3      | Bought a potion of curing for 30 gold pieces
  1838 | D:3      | 1838 ||| BUYING scroll of identify (20 gold).
  1838 | D:3      | Bought a scroll of identify for 20 gold pieces
  2345 | D:3      | 2345 ||| UPGRADING to +0 cloak.
  2350 | D:3      | 2350 ||| READING scroll labelled PUOCSU CAUTOHU.
  2451 | D:3      | 2451 ||| READING 2 scrolls of identify.
  2451 | D:3      | 2451 ||| IDENTIFYING red potion
  2452 | D:3      | 2452 ||| DROPPING potion of flight.
  2482 | D:4      | 2482 ||| STAIRDANCE
  2488 | D:3      | 2488 ||| DROPPING +0 mace.
  2492 | D:4      | 2492 ||| STAIRDANCE
  2500 | D:4      | 2500 ||| STAIRDANCE
  2538 | D:4      | Found a sparkling altar of Nemelex Xobeh.
  2539 | D:4      | Found a glowing silver altar of Zin.
  2540 | D:4      | Found a blossoming altar of Fedhas.
  2541 | D:4      | Found a snail-covered altar of Cheibriados.
  2572 | D:4      | Reached skill level 5 in Axes
  2589 | D:4      | Noticed a black bear
  2606 | D:4      | Killed a black bear
  2607 | D:4      | Reached XP level 6. HP: 39/39 MP: 6/6
  2610 | D:4      | Found a sacrificial altar of Ru.
  2643 | D:4      | 2643 ||| Stepping ~*~*~tactically~*~*~ (stealth).
  2876 | D:4      | Reached skill level 6 in Axes
  2876 | D:4      | Reached XP level 7. HP: 21/44 MP: 7/7
  2876 | D:4      | 2876 ||| Stepping ~*~*~tactically~*~*~ (stealth).
  2879 | D:4      | 2879 ||| Stepping ~*~*~tactically~*~*~ (stealth).
  2880 | D:4      | 2880 ||| Stepping ~*~*~tactically~*~*~ (stealth).
  2884 | D:4      | 2884 ||| Stepping ~*~*~tactically~*~*~ (stealth).
  2887 | D:4      | 2887 ||| Stepping ~*~*~tactically~*~*~ (stealth).
  2893 | D:4      | Reached skill level 1 in Dodging
  2960 | D:4      | Found a radiant altar of Vehumet.
  3180 | D:4      | 3180 ||| UPGRADING to +0 plate armour.
  3190 | D:4      | 3190 ||| DROPPING +0 chain mail.
  3191 | D:4      | 3191 ||| READING scroll labelled HADISCHYQUO.
  3199 | D:4      | 3199 ||| READING 2 scrolls of identify.
  3199 | D:4      | 3199 ||| IDENTIFYING white potion
  3230 | D:5      | Entered Level 5 of the Dungeon
  3233 | D:5      | 3233 ||| STAIRDANCE
  3246 | D:5      | 3246 ||| STAIRDANCE
  3256 | D:5      | 3256 ||| STAIRDANCE
  3264 | D:5      | 3264 ||| STAIRDANCE
  3269 | D:5      | 3269 ||| STAIRDANCE
  3284 | D:5      | Reached skill level 7 in Axes
  3314 | D:5      | Reached XP level 8. HP: 27/49 MP: 8/8
  3944 | D:5      | 3944 ||| UPGRADING to ring of protection from fire.
  3945 | D:5      | 3945 ||| READING 5 scrolls of identify.
  3945 | D:5      | 3945 ||| IDENTIFYING green potion
  3946 | D:5      | 3946 ||| READING 4 scrolls of identify.
  3946 | D:5      | 3946 ||| IDENTIFYING sedimented grey potion
  3947 | D:5      | 3947 ||| READING 3 scrolls of identify.
  3947 | D:5      | 3947 ||| IDENTIFYING dark potion
  3948 | D:5      | 3948 ||| READING 2 scrolls of identify.
  3948 | D:5      | 3948 ||| IDENTIFYING glowing coppery potion
  3949 | D:5      | 3949 ||| DROPPING potion of magic.
  3950 | D:5      | 3950 ||| DROPPING potion of ambrosia.
  3980 | D:6      | 3980 ||| Stepping ~*~*~tactically~*~*~ (stealth).
  3994 | D:6      | 3994 ||| Stepping ~*~*~tactically~*~*~ (hiding).
  3995 | D:6      | 3995 ||| Stepping ~*~*~tactically~*~*~ (hiding).
  4023 | D:6      | Reached skill level 8 in Axes
  4050 | D:6      | 4050 ||| DROPPING +2 flail of holy wrath.
  4088 | D:6      | 4088 ||| Stepping ~*~*~tactically~*~*~ (hiding).
  4099 | D:6      | 4099 ||| Stepping randomly (stuck).
  4114 | D:6      | Found a staircase to the Ecumenical Temple.
  4116 | D:6      | 4116 ||| PLANNING TEMPLE
  4121 | D:6      | 4121 ||| Stepping randomly (stuck).
  4122 | D:6      | 4122 ||| Stepping randomly (stuck).
  4123 | D:6      | 4123 ||| Stepping randomly (stuck).
  4124 | D:6      | 4124 ||| Stepping randomly (stuck).
  4125 | D:6      | 4125 ||| Stepping randomly (stuck).
  4126 | D:6      | 4126 ||| Stepping randomly (stuck).
  4127 | D:6      | 4127 ||| Stepping randomly (stuck).
  4136 | D:6      | Reached skill level 6 in Fighting
  4193 | D:6      | 4193 ||| Stepping ~*~*~tactically~*~*~ (stealth).
  4209 | Temple   | Entered the Ecumenical Temple
  4212 | Temple   | 4212 ||| PLANNING OKAWARU WORSHIP
  4377 | Temple   | Became a worshipper of Warmaster Okawaru
  4378 | Temple   | 4378 ||| PLANNING D:1-11
  4485 | D:6      | Found an ancient bone altar of Kikubaaqudgha.
  4580 | D:6      | Reached XP level 9. HP: 54/55 MP: 9/9
  4588 | D:6      | 4588 ||| FLEEEEING.
  4600 | D:6      | 4600 ||| FLEEEEING.
  4619 | D:6      | Noticed Sigmund
  4628 | D:6      | Killed Sigmund
  4629 | D:6      | Reached skill level 9 in Axes
  4679 | D:6      | 4679 ||| Stepping ~*~*~tactically~*~*~ (hiding).
  4773 | D:6      | 4773 ||| FLEEEEING.
  4774 | D:6      | 4774 ||| FLEEEEING.
  4775 | D:6      | 4775 ||| FLEEEEING.
  4776 | D:6      | 4776 ||| FLEEEEING.
  4893 | D:6      | 4893 ||| FLEEEEING.
  4912 | D:6      | HP: 5/55 [centaur/arrow (13)]
  4913 | D:6      | 4913 ||| READING 6 scrolls of teleportation.
  4914 | D:6      | 4914 ||| DRINKING potion of heal wounds.
  5008 | D:6      | 5008 ||| DROPPING scarf of invisibility.
  5009 | D:6      | 5009 ||| READING 2 scrolls labelled ISUOMINUSU.
  5010 | D:6      | 5010 ||| DROPPING scroll of blinking.
  5122 | D:7      | Found Tifaiff's Book Boutique.
  5129 | D:7      | 5129 ||| Stepping ~*~*~tactically~*~*~ (stealth).
  5150 | D:7      | 5150 ||| Stepping ~*~*~tactically~*~*~ (hiding).
  5151 | D:7      | 5151 ||| Stepping ~*~*~tactically~*~*~ (hiding).
  5162 | D:7      | Reached * piety under Okawaru
  5163 | D:7      | Reached skill level 6 in Armour
  5176 | D:7      | 5176 ||| INVOKING Heroism.
  5177 | D:7      | 5177 ||| INVOKING Heroism.
  5179 | D:7      | 5179 ||| INVOKING Heroism.
  5186 | D:7      | Reached skill level 1 in Invocations
  5231 | D:7      | 5231 ||| Stepping ~*~*~tactically~*~*~ (hiding).
  5235 | D:7      | 5235 ||| Stepping ~*~*~tactically~*~*~ (hiding).
  5237 | D:7      | 5237 ||| Stepping ~*~*~tactically~*~*~ (hiding).
  5254 | D:7      | 5254 ||| INVOKING Heroism.
  5329 | D:7      | 5329 ||| Stepping ~*~*~tactically~*~*~ (hiding).
  5366 | D:7      | 5366 ||| INVOKING Heroism.
  5474 | D:7      | 5474 ||| INVOKING Heroism.
  5486 | D:7      | Reached skill level 3 in Invocations
  5492 | D:7      | 5492 ||| INVOKING Heroism.
  5499 | D:7      | 5499 ||| Stepping ~*~*~tactically~*~*~ (stealth).
  5539 | D:7      | Noticed an ice statue
  5540 | D:7      | 5540 ||| INVOKING Heroism.
  5556 | D:7      | 5556 ||| Stepping ~*~*~tactically~*~*~ (cloud).
  5563 | D:7      | 5563 ||| Stepping ~*~*~tactically~*~*~ (cloud).
  5564 | D:7      | 5564 ||| INVOKING Heroism.
  5566 | D:7      | 5566 ||| FLEEEEING.
  5566 | D:7      | HP: 9/57 [ice statue/freezing blast (9)]
  5567 | D:7      | 5567 ||| FLEEEEING.
  5568 | D:7      | 5568 ||| FLEEEEING.
  5569 | D:7      | 5569 ||| FLEEEEING.
  5570 | D:7      | 5570 ||| FLEEEEING.
  5792 | D:7      | Noticed Menkaure
  5793 | D:7      | 5793 ||| Stepping ~*~*~tactically~*~*~ (hiding).
  5798 | D:7      | 5798 ||| INVOKING Heroism.
  5802 | D:7      | Killed Menkaure
  5890 | D:7      | 5890 ||| INVOKING Heroism.
  5907 | D:7      | HP: 4/57 [ice beast[an ice statue] (11)]
  5908 | D:7      | 5908 ||| READING 5 scrolls of teleportation.
  5908 | D:7      | Engulfed by an ice statue's freezing vapour

Levels and vault maps discovered:
D:1:      matt_arrival_spirals, layout_rooms
D:2:      layout_basic, basic_altar, minmay_increasing_density, uniq_jessica
D:3:      layout_basic, serial_shops, nicolae_shop_window_shopping
D:4:      minmay_angry_zag, layout_rooms, overflow_temple_1_default,
          mainiacjoe_overflow_alcove_3, vehumet_statue, minivault_23
D:5:      layout_loops_cross, minivault_5, minmay_chambers_of_fives
D:6:      nicolae_whirlpool, layout_basic, tgw_kikubaaqudgha,
          minmay_temple_entry_slanted, minmay_stone_trees_small, uniq_sigmund
D:7:      lemuel_ice_statue, layout_basic, serial_shops,
          nicolae_shop_statue_plus, uniq_menkaure
Temple:   bh_familiar_temple

Skill      XL: |  1  2  3  4  5  6  7  8  9 |
---------------+----------------------------+-----
Axes           | 2 3 4 5 6 7 8 9 |  9.5
Fighting       | 4 5 6 7 |  7.1
Dodging        | 1 |  1.2
Armour         | 4 5 6 |  6.1
Shields        | 4 |  4.4
Invocations    | 4 |  4.0

Action                   |  1- 3 |  4- 6 |  7- 9 || total
-------------------------+-------+-------+-------++-------
Melee: War axe           |    48 |   187 |   347 ||   582
Invok: Heroism           |       |       |     9 ||     9
  Use: Scroll            |     4 |     6 |     9 ||    19
       Potion            |     1 |       |     1 ||     2
 Stab: Distracted        |       |       |     1 ||     1
Armor: Scale mail        |     2 |       |       ||     2
       Chain mail        |    21 |   119 |     7 ||   147
       Plate armour      |       |       |   289 ||   289
Dodge: Dodged            |    17 |    63 |   120 ||   200
Block: Buckler           |     9 |    30 |    72 ||   111

Table legend:
 A = Non-vault XP
 B = Vault XP
 C = Vault XP percentage of total XP
 D = Non-vault monster count
 E = Vault monster count
 F = Vault count percentage of total count
                 A         B        C        D         E       F
            +---------+---------+-------+---------+---------+-------
      Total |    3542 |     984 |  21.7 |     122 |      20 |  14.1
            +---------+---------+-------+---------+---------+-------
        D:1 |      12 |       0 |   0.0 |       7 |       0 |   0.0
        D:2 |      83 |      60 |  42.0 |      22 |       7 |  24.1
        D:3 |      65 |       0 |   0.0 |      21 |       0 |   0.0
        D:4 |     623 |     239 |  27.7 |      21 |       6 |  22.2
        D:5 |     209 |     290 |  58.1 |       5 |       5 |  50.0
        D:6 |     850 |     223 |  20.8 |      17 |       1 |   5.6
        D:7 |    1700 |     172 |   9.2 |      29 |       1 |   3.3
            +---------+---------+-------+---------+---------+-------
